 Dungeon Crawl Stone Soup version 0.24.0-13-gcf9b319 (webtiles) character file.

Game seed: 11354334344758893750, levelgen mode: deterministic

20 Fortress the Vexing (level 2, 0/27 HPs)
             Began as an Ogre Arcane Marksman on Jan 12, 2020.
             Slain by a kobold
             ... wielding a cursed +0 dagger
              (3 damage)
             ... on level 1 of the Dungeon.
             The game lasted 00:04:05 (588 turns).

Fortress the Vexing (Ogre Arcane Marksman)           Turns: 588, Time: 00:04:06

Health: 0/27       AC:  3    Str: 13    XL:     2   Next: 79%
Magic:  3/3        EV: 10    Int: 17    God:
Gold:   43         SH:  0    Dex:  9    Spells: 2/3 levels left

rFire    . . .     SeeInvis .   (no weapon)
rCold    . . .     Gourm    .   (no shield)
rNeg     . . .     Faith    .   a - +0 robe
rPois    .         Spirit   .   (helmet restricted)
rElec    .         Reflect  .   (no cloak)
rCorr    .         Harm     .   (gloves unavailable)
MR       .....                  (boots unavailable)
Stlth    +.........             (no amulet)
HPRegen  0.09/turn              k - +3 ring of intelligence
MPRegen  0.08/turn              (no ring)

@: no status effects
A: large, unfitting armour, tough skin 1
a: no special abilities


You were on level 1 of the Dungeon.
You were not hungry.

You visited 1 branch of the dungeon, and saw 1 of its levels.

You collected 43 gold pieces.

Inventory:

Hand Weapons
 j - a cursed -2 hunting sling
Armour
 a - a +0 robe (worn)
Jewellery
 k - a +3 ring of intelligence (left hand)
Scrolls
 c - a scroll of identify {unknown}
 g - a scroll of enchant weapon {unknown}
 h - a scroll of noise {unknown}
 l - 2 scrolls of immolation {unknown}
 m - a scroll of remove curse {unknown}
Potions
 b - a potion of resistance {unknown}
 i - 3 potions of mutation {unknown}
 n - a potion of agility {unknown}
Comestibles
 f - 2 rations


   Skills:
 + Level 1.4 Fighting
 + Level 2.1 Throwing
 + Level 1.8 Dodging
 - Level 0.1 Unarmed Combat
 + Level 1.2 Spellcasting
 + Level 3.4 Hexes


You had 2 spell levels left.
You knew the following spells:

 Your Spells              Type           Power        Failure   Level  Hunger
a - Corona                Hex            ##.....      4%          1    ##.....

Your spell library contained the following spells:

 Spells                   Type           Power        Failure   Level  Hunger
 Slow                     Hex            ##......     8%          2    ###....
 Inner Flame              Hex/Fire       #.......     30%         3    ####...
 Portal Projectile        Hex/Tloc       #.....       30%         3    ####...
 Cause Fear               Hex            ##........   45%         4    #####..
 Leda's Liquefaction      Hex/Erth       #.........   71%         4    #####..


Dungeon Overview and Level Annotations

Branches:
Dungeon (1/15)

Altars:


Innate Abilities, Weirdness & Mutations

You are too large for most types of armour.
You have tough skin. (AC +1)


Message History

You barely miss the kobold. The bat closely misses you.
The kobold barely misses you.
You closely miss the kobold. The bat hits you but does no damage.
The kobold hits you but does no damage.
You barely miss the kobold. The bat closely misses you.
The kobold hits you with a cursed +0 dagger.
* * * LOW HITPOINT WARNING * * *
You closely miss the kobold. The bat barely misses you.
The bat closely misses you. The kobold hits you but does no damage.
You hit the kobold but do no damage. The bat hits you but does no damage.
The kobold barely misses you.
You closely miss the kobold. The bat closely misses you.
The kobold barely misses you.
You hit the kobold but do no damage. The bat closely misses you. x2
The kobold hits you but does no damage.
You hit the kobold.
The kobold is moderately wounded.
The bat closely misses you. x2
The kobold hits you with a cursed +0 dagger.
You die...

............#
##..........#
#.#........#
#.#......†.#
#.####.###.#
#(###.##
#.##...#
#.####K.b...#
(.....†@#...#
..#####.#####
#.# #.# # #.#
# #.# # ..# #
### #


You could see a bat and a kobold.

Vanquished Creatures
  3 bats (D:1)
  6 goblins (D:1)
  5 hobgoblins (D:1)
  3 frilled lizards (D:1)
  2 rats (D:1)
19 creatures vanquished.

Notes
Turn   | Place    | Note
-------+----------+-------------------------------------------
     0 | D:1      | Fortress the Ogre Arcane Marksman began the quest for the
                  | Orb.
     0 | D:1      | Reached XP level 1. HP: 19/19 MP: 2/2
   198 | D:1      | Reached skill level 3 in Hexes
   212 | D:1      | Reached XP level 2. HP: 24/27 MP: 3/3
   588 | D:1      | Slain by a kobold

Levels and vault maps discovered:
D:1:      mrwooster_arrival_statue_3, layout_loops_ring

Skill      XL: |  1 |
---------------+----+-----
Hexes          | 3 |  3.4
Fighting       | |  1.4
Throwing       | |  2.1
Dodging        | |  1.8
Unarmed Combat | |  0.1
Spellcasting   | |  1.2

Action                   || total
-------------------------++-------
Melee: Unarmed           ||    72
Throw: Large rock        ||    20
       Throwing net      ||     4
 Cast: Corona            ||     2
Armor: Robe              ||    35
Dodge: Dodged            ||    73
